 Dungeon Crawl Stone Soup version 0.23-a0-321-g6bcb69f (webtiles) character file.

2312 George the Skirmisher (level 9, -1/72 HPs)
             Began as a Demonspawn Fighter on Oct 15, 2018.
             Was an Initiate of Makhleb.
             Succumbed to a killer bee's poison
             ... on level 8 of the Dungeon.
             The game lasted 00:16:42 (7881 turns).

George the Skirmisher (Demonspawn Fighter)          Turns: 7881, Time: 00:16:43

Health: -1/72      AC: 15    Str: 18 (19) XL:     9   Next: 18%
Magic:  7/12       EV:  8    Int: 12 (15) God:    Makhleb [......]
Gold:   126        SH: 10    Dex: 11 (13) Spells: 8/8 levels left

rFire    . . .     SeeInvis .   v - +1 spear (pierce)
rCold    . . .     Gourm    .   c - +0 shield
rNeg     . . .     Faith    .   n - +0 plate armour
rPois    .         Spirit   +   (no helmet)
rElec    .         Reflect  .   E - +0 cloak
rCorr    .         Harm     .   (no gloves)
MR       +....                  C - +0 pair of boots
Stlth    ..........             b - amulet of rage
HPRegen  0.22/turn              B - +1 ring of evasion
MPRegen  0.26/turn              J - ring of protection from magic

@: brilliant, lethally poisoned (-1 -> -17), hasted, very quick
A: repulsion field 2, powered by pain 2, magic shield, magic regeneration
a: Renounce Religion, Evoke Berserk Rage


You were on level 8 of the Dungeon.
You worshipped Makhleb.
Makhleb was noncommittal.
You were not hungry.

You visited 2 branches of the dungeon, and saw 9 of its levels.

You collected 313 gold pieces.
You spent 187 gold pieces at shops.

Inventory:

Hand Weapons
 a - a +0 long sword
 v - a +1 spear of piercing (weapon)
Missiles
 w - a throwing net (quivered)
Armour
 c - a +0 shield (worn)
 n - a +0 plate armour (worn)
 C - a +0 pair of boots (worn)
 E - a +0 cloak (worn)
Jewellery
 b - an amulet of rage (around neck)
 r - an uncursed ring of fire
 s - an uncursed ring of ice
 B - a +1 ring of evasion (left hand)
 J - a ring of protection from magic (right hand)
Wands
 x - a wand of digging (2)
Scrolls
 j - a scroll of enchant weapon {unknown}
 m - 3 scrolls of teleportation {unknown}
 p - 3 scrolls of random uselessness {unknown}
 q - 5 scrolls of remove curse
 u - 3 scrolls of magic mapping {unknown}
 y - 2 scrolls of blinking
 z - a scroll of amnesia {unknown}
 A - 2 scrolls of fear {unknown}
 F - a scroll of fog {unknown}
 G - a scroll of immolation {unknown}
 I - a scroll of noise {unknown}
 K - a scroll of acquirement {unknown}
Potions
 d - 2 potions of might
 e - a potion of cancellation
 h - 3 potions of agility
 i - a potion of resistance
 k - 2 potions of flight
 l - 2 potions of haste
 o - 2 potions of brilliance
 D - 2 potions of magic
Comestibles
 f - 14 rations
 L - a chunk of flesh


   Skills:
 + Level 7.6 Fighting
 - Level 2.9 Long Blades
 + Level 6.9 Armour
 - Level 6.0 Shields
 + Level 4.5 Invocations


You had 8 spell levels left.
You didn't know any spells.
Your spell library contained the following spells:

 Spells                   Type           Power        Failure   Level  Hunger
 Shock                    Conj/Air       #...         91%         1    ##.....
 Swiftness                Chrm/Air       #.......     97%         2    ###....
 Static Discharge         Conj/Air       #.......     99%         3    ####...
 Airstrike                Air            #.........   100%        4    #####..
 Lightning Bolt           Conj/Air       #.........   100%        5    ######.


Dungeon Overview and Level Annotations

Branches:
Dungeon (8/15)             Temple (1/1) D:6
   Lair: D:8-11

Altars:
Ashenzari
Kikubaaqudgha
Makhleb
Okawaru
Qazlal
Ru
Sif Muna
Wu Jian
Xom
Yredelemnul
The Shining One

Shops:
D:7 ?


Innate Abilities, Weirdness & Mutations

You are surrounded by a moderate repulsion field. (EV +3)
You sometimes gain power by taking damage.
When hurt, damage is shared between your health and your magic reserves.
You regenerate magic rapidly.


Message History

* * * LOW HITPOINT WARNING * * *
It was a potion of degeneration.
There was something very wrong with that liquid.
You feel weakened.
You feel dopey.
You feel clumsy.
* * * LOW HITPOINT WARNING * * *
You feel sick. You block the killer bee's attack.
Okay, then.
You hit the killer bee.
The killer bee is severely wounded.
* * * LOW HITPOINT WARNING * * *
You feel sick.
The killer bee stings you but does no damage.
You block the killer bee's attack.
You hit the killer bee.
The killer bee is almost dead.
* * * LOW HITPOINT WARNING * * *
You feel sick. The killer bee misses you.
Your plate armour prevents you from hitting the killer bee.
The killer bee is almost dead.
You die...

###........#
+.#...(....#
#+#.#..(.....#
#.#....#(...#.##
#...)(((..(...#
#..#...#.#.##.#
#. ##.##.#.##†#
# #.##.#.##y#
##........@#
..........##<#
.....#######.#
#.#### #.# # #.#
#.# ..# ###


You could see a killer bee.

Vanquished Creatures
  A hungry ghost (D:7)
  3 ice beasts
  5 ogres
  A bullfrog (D:5)
  A wyvern skeleton (D:7)
  4 killer bees (D:8)
  A howler monkey (D:6)
  4 wights (D:6)
  6 crimson imps
  4 hounds
  2 orc priests
  7 orc wizards
  2 iguanas
  5 worker ants
  Robin (D:3)
  A howler monkey zombie (D:6)
  9 adders
  An adder zombie (D:7)
  An adder skeleton (D:6)
  2 worms
  4 dart slugs
  3 leopard geckos
  13 orcs
  6 bats
  4 giant cockroaches
  12 goblins
  9 hobgoblins
  6 jackals
  10 kobolds
  5 quokkas
  2 ball pythons
  7 frilled lizards
  2 leopard gecko skeletons (D:4)
  5 rats
149 creatures vanquished.

Notes
Turn   | Place    | Note
-------+----------+-------------------------------------------
     0 | D:1      | George the Demonspawn Fighter began the quest for the Orb.
     0 | D:1      | Reached XP level 1. HP: 18/18 MP: 1/1
    39 | D:1      | Gained mutation: You sometimes gain a little power by
                  | taking damage. [demonic ancestry]
    39 | D:1      | Reached XP level 2. HP: 11/24 MP: 2/2
   534 | D:1      | Gained mutation: When hurt, damage is shared between your
                  | health and your magic reserves. [demonic ancestry]
   534 | D:1      | Reached XP level 3. HP: 29/29 MP: 3/3
  1479 | D:2      | Gained mutation: You regenerate magic rapidly. [demonic
                  | ancestry]
  1479 | D:2      | Reached XP level 4. HP: 24/35 MP: 2/4
  1791 | D:2      | Found a shattered altar of Ashenzari.
  2170 | D:3      | Reached XP level 5. HP: 24/42 MP: 5/5
  2189 | D:3      | Reached skill level 4 in Fighting
  2455 | D:3      | Noticed Robin
  2470 | D:3      | Killed Robin
  2511 | D:3      | Found an iron altar of Okawaru.
  2844 | D:4      | Gained mutation: You sometimes gain power by taking damage.
                  | [demonic ancestry]
  2844 | D:4      | Reached XP level 6. HP: 26/48 MP: 6/6
  3128 | D:4      | Got a bloodstained whip
  3129 | D:4      | Identified the +2 whip of Starshine {antimagic, rElec rPois
                  | rC+ Dex-5} (You found it on level 4 of the Dungeon)
  3194 | D:4      | Found a shattered altar of Ashenzari.
  3580 | D:5      | Entered Level 5 of the Dungeon
  4007 | D:5      | Found a deep blue altar of Sif Muna.
  4008 | D:5      | Found an ornate altar of the Wu Jian Council.
  4008 | D:5      | Found a stormy altar of Qazlal.
  4183 | D:5      | Reached skill level 5 in Fighting
  4183 | D:5      | Reached XP level 7. HP: 56/56 MP: 7/7
  4753 | D:5      | Found a sacrificial altar of Ru.
  5074 | D:6      | Reached skill level 5 in Shields
  5088 | D:6      | Reached skill level 5 in Armour
  5500 | D:6      | Gained mutation: You are surrounded by a mild repulsion
                  | field. (EV +2) [demonic ancestry]
  5500 | D:6      | Reached XP level 8. HP: 37/64 MP: 6/8
  5727 | D:6      | Reached skill level 6 in Fighting
  5853 | D:6      | Found a staircase to the Ecumenical Temple.
  6523 | Temple   | Entered the Ecumenical Temple
  6529 | Temple   | Became a worshipper of Makhleb the Destroyer
  6644 | D:7      | Reached skill level 1 in Invocations
  6747 | D:7      | Reached skill level 7 in Fighting
  6969 | D:7      | Found Wewub's Magic Scroll Shoppe.
  6986 | D:7      | Bought a scroll of identify for 30 gold pieces
  6991 | D:7      | Bought a scroll of blinking for 112 gold pieces
  6991 | D:7      | Bought a scroll of remove curse for 45 gold pieces
  7077 | D:7      | Gained mutation: You are surrounded by a moderate repulsion
                  | field. (EV +3) [demonic ancestry]
  7077 | D:7      | Reached XP level 9. HP: 56/72 MP: 9/11
  7855 | D:8      | HP: 3/72 [killer bee (1)]
  7878 | D:8      | HP: 2/72 [poisoned by a killer bee]
  7881 | D:8      | Succumbed to a killer bee's poison

Vault maps used:
D:1:      elethiomel_arrival_shortcut
D:2:      overflow_temple_1_default, first_ration
D:3:      okawaru_ov_weapons_minmay, uniq_robin
D:4:      cheibrodos_ashenzari_chains
D:5:      kennysheep_mini, gammafunk_temple_overflow_forgotten,
          serial_park_tiny_2
D:6:      temple_doors_cd
D:7:      minmay_klotski, serial_shops, shop, grunt_ogre_cave, st_stairs_11
D:8:      lair_entry_dummy, serial_shops, nicolae_shop_behind_doors,
          serial_rivers, chequers_serial_rivers_large_a,
          chequers_serial_rivers_micro_a, chequers_serial_rivers_micro_a,
          chequers_serial_rivers_marsh
Temple:   compressed_dpeg_circular_temple

Skill      XL: |  1  2  3  4  5  6  7  8  9 |
---------------+----------------------------+-----
Long Blades    | 2 |  2.9
Shields        | 3 4 5 6 |  6.0
Armour         | 3 4 5 6 |  6.9
Fighting       | 4 5 7 |  7.6
Invocations    | 3 4 |  4.5

Action                   |  1- 3 |  4- 6 |  7- 9 || total
-------------------------+-------+-------+-------++-------
Melee: Long sword        |   150 |    44 |       ||   194
       Spear             |       |   254 |   466 ||   720
  Use: Scroll            |       |       |     5 ||     5
       Potion            |       |       |     8 ||     8
  Eat: Chunk             |     1 |    10 |     9 ||    20
       Ration            |       |       |     2 ||     2
Armor: Scale mail        |   104 |    27 |       ||   131
       Chain mail        |       |   103 |   137 ||   240
       Plate armour      |       |       |    54 ||    54
Dodge: Dodged            |    55 |    53 |   113 ||   221
Block: Shield            |    84 |   140 |   214 ||   438
       Rpst.: Long sword |    15 |     7 |       ||    22

Table legend:
 A = Non-vault XP
 B = Vault XP
 C = Vault XP percentage of total XP
 D = Non-vault monster count
 E = Vault monster count
 F = Vault count percentage of total count
                 A         B        C        D         E       F
            +---------+---------+-------+---------+---------+-------
      Total |    3020 |     283 |   8.6 |     135 |      14 |   9.4
            +---------+---------+-------+---------+---------+-------
        D:1 |      55 |       0 |   0.0 |      29 |       0 |   0.0
        D:2 |      98 |       0 |   0.0 |      22 |       0 |   0.0
        D:3 |     124 |      36 |  22.5 |      21 |      11 |  34.4
        D:4 |     238 |       0 |   0.0 |      12 |       0 |   0.0
        D:5 |     484 |       0 |   0.0 |       8 |       0 |   0.0
        D:6 |    1021 |       0 |   0.0 |      27 |       0 |   0.0
        D:7 |     725 |     247 |  25.4 |      10 |       3 |  23.1
        D:8 |     275 |       0 |   0.0 |       6 |       0 |   0.0
            +---------+---------+-------+---------+---------+-------
